 Dungeon Crawl Stone Soup version 0.26.0-15-gc6cd9f7 (webtiles) character file.

Game seed: 14345377269530708588

2037 bogs101 the Covert (level 9, -1/45 HPs)
             Began as a Deep Elf Hedge Wizard on Jan 24, 2021.
             Was a Follower of Vehumet.
             Slain by a killer bee (5 damage)
             ... on level 8 of the Dungeon.
             The game lasted 00:48:06 (10082 turns).

bogs101 the Covert (Deep Elf Hedge Wizard)         Turns: 10082, Time: 00:48:07

Health: -1/45      AC:  4    Str:  7    XL:     9   Next: 4%
Magic:  2/17       EV: 13    Int: 23    God:    Vehumet [*.....]
Gold:   453        SH:  0    Dex: 14    Spells: 5/16 levels left

rFire    . . .     SeeInvis .   s - +3 hunting sling
rCold    . . .     Faith    .   (no shield)
rNeg     . . .     Spirit   .   b - +0 robe
rPois    .         Reflect  .   c - +0 hat
rElec    .         Harm     .   i - +0 cloak
rCorr    .         Rampage  .   (no gloves)
Will     .....                  h - +0 pair of boots
Stlth    ++++......             (no amulet)
HPRegen  0.15/turn              (no ring)
MPRegen  0.15/turn              (no ring)

@: about to teleport, flying, hasted, very quick
A: no striking features
a: Renounce Religion


You were on level 8 of the Dungeon.
You worshipped Vehumet.
Vehumet was aware of your devotion.
You visited 2 branches of the dungeon, and saw 9 of its levels.

You collected 453 gold pieces.

Inventory:

Hand Weapons
 a - a +0 dagger
 f - a +0 spear
 s - a +3 hunting sling (weapon)
 A - a +1 dagger of protection
 H - a +0 short sword of draining
 K - a +4 dagger
 P - a +0 hunting sling of freezing
 Q - a cursed -2 quarterstaff
Missiles
 d - 287 stones
 r - 19 poisoned darts
 E - 28 sling bullets (quivered ammo)
 L - 61 arrows
Armour
 b - a +0 robe (worn)
 c - a +0 hat (worn)
 h - a +0 pair of boots (worn)
 i - a +0 cloak (worn)
 z - a +2 cloak
Jewellery
 F - an uncursed ring of protection from fire {unknown}
 G - an uncursed ring of flight {unknown}
 J - an uncursed ring of stealth
 O - an uncursed amulet of the acrobat {unknown}
Wands
 M - a wand of flame (19)
Scrolls
 e - 5 scrolls of blinking {unknown}
 k - a scroll of teleportation
 l - 8 scrolls of identify {unknown}
 m - a scroll of enchant armour {unknown}
 n - 6 scrolls of remove curse {unknown}
 p - 4 scrolls of fog {unknown}
 q - a scroll of magic mapping {unknown}
 t - a scroll of fear {unknown}
 v - 2 scrolls of enchant weapon {unknown}
 y - 2 scrolls of random uselessness {unknown}
 B - a scroll of immolation {unknown}
 I - 2 scrolls of amnesia {unknown}
Potions
 g - 2 potions of haste
 j - 2 potions of flight
 o - 2 potions of invisibility {unknown}
 u - a potion of brilliance {unknown}
 w - 4 potions of heal wounds {unknown}
 x - 3 potions of curing
 C - 2 potions of lignification {unknown}
 D - 2 potions of might {unknown}
 N - a potion of degeneration {unknown}


   Skills:
 - Level 2.4 Dodging
 - Level 10.0 Stealth
 - Level 4.4 Spellcasting
 - Level 5.0 Conjurations
 - Level 1.1 Summonings
 - Level 1.1 Translocations
 - Level 8.0 Fire Magic
 + Level 3.1 Poison Magic


You had 5 spell levels left.
You knew the following spells:

 Your Spells              Type           Power        Failure   Level
a - Magic Dart            Conj           100%         1%          1
b - Blink                 Tloc           N/A          10%         2
c - Conjure Flame         Conj/Fire      34%          1%          3
d - Mephitic Cloud        Conj/Pois/Air  17%          10%         3
e - Call Imp              Summ           10%          10%         2

Your spell library contained the following spells:

 Spells                   Type           Power        Failure   Level
 Shock                    Conj/Air       64%          3%          1
 Slow                     Hex            5%           16%         2


Dungeon Overview and Level Annotations

Branches:
Dungeon (8/15)             Temple (1/1) D:4            Lair (0/6) D:8

Altars:
Ashenzari
Cheibriados
Dithmenos
Elyvilon
Fedhas
Gozag
Kikubaaqudgha
Makhleb
Nemelex Xobeh
Okawaru
Qazlal
Ru
Sif Muna
Trog
Uskayaw
Vehumet
Wu Jian
Xom
Yredelemnul
Zin
The Shining One

Annotations:
D:2 exclusions: 2 downstairs and 1 more exclusion
D:4 Edmund
D:5 exclusions: 2 downstairs and 1 more exclusion, Grinder
D:6 exclusion: downstairs, Menkaure, Sigmund
D:7 exclusion: killer bee
D:8 exclusion: troll


Message History

Unknown command.
Okay, then.
Unknown command.
Unknown command.
Okay, then.
Unknown command.
It was a potion of haste.
You feel yourself speed up. The killer bee closely misses you.
You feel sick. The killer bee misses you.
You feel better. The killer bee stings you!
* * * LOW HITPOINT WARNING * * *
It was a potion of flight.
You feel very buoyant.
You fly up into the air.
The killer bee closely misses you.
As you read the scroll labelled MOADOPIHUY, it crumbles to dust.
You feel strangely unstable.
It was a scroll of teleportation.
The killer bee closely misses you. The killer bee completely misses you.
The killer bee stings you.
You die...

#.....# #y#.#
#.#..# #####.#
#.#.######.#..#
#.#
#.#...........#
#.#
#.#######..####
#.###.#######..#
#.##...y5....yy#
#.###.########.#
#.####### #.#
#.....@.######.#
#######yy......#
##########


You could see 2 killer bees.

Vanquished Creatures
  An ice beast (D:8)
  A black bear (D:7)
  An orc warrior (D:7)
  A phantom (D:4)
  An ogre (D:7)
  A necrophage (D:7)
  2 centaurs
  4 bullfrogs
  3 scorpions
  3 killer bees (D:7)
  A howler monkey (D:5)
  A quasit (D:6)
  A bullfrog zombie (D:7)
  3 hounds
  An orc priest (D:7)
  4 orc wizards
  Crazy Yiuf (D:7)
  3 bullfrog skeletons
  A centaur skeleton (D:8)
  An iguana (D:6)
  Ijyb (D:3)
  A worker ant (D:8)
  A worker ant zombie (D:8)
  4 gnolls (D:6)
  10 adders
  An ufetubus (D:8)
  An adder skeleton (D:6)
  4 dart slugs
  6 leopard geckos
  13 orcs
  8 bats
  3 giant cockroaches
  11 goblins
  9 hobgoblins
  5 jackals
  11 kobolds
  2 quokkas
  2 ball pythons
  4 frilled lizards
  A jackal skeleton (D:7)
  7 rats
140 creatures vanquished.

Vanquished Creatures (collateral kills)
  A killer bee (D:8)
1 creature vanquished.

Vanquished Creatures (others)
  A fungus (D:7)
1 creature vanquished.

Grand Total: 142 creatures vanquished

Notes
Turn   | Place    | Note
-------+----------+-------------------------------------------
     0 | D:1      | bogs101 the Deep Elf Hedge Wizard began the quest for the
                  | Orb.
     0 | D:1      | Reached XP level 1. HP: 10/10 MP: 7/7
   279 | D:1      | Reached XP level 2. HP: 15/15 MP: 7/9
  1073 | D:2      | Reached XP level 3. HP: 19/19 MP: 8/10
  1076 | D:2      | Learned a level 2 spell: Blink
  1080 | D:2      | Learned a level 3 spell: Conjure Flame
  1084 | D:2      | Learned a level 3 spell: Mephitic Cloud
  1112 | D:2      | Found a shimmering blue altar of Sif Muna.
  1378 | D:2      | Found a snail-covered altar of Cheibriados.
  2113 | D:2      | Reached XP level 4. HP: 24/24 MP: 9/12
  2210 | D:2      | Found a hide-covered altar of Uskayaw.
  2513 | D:3      | Noticed Ijyb
  2804 | D:3      | Reached skill level 5 in Conjurations
  2948 | D:3      | Reached skill level 1 in Fire Magic
  3137 | D:3      | Killed Ijyb
  3138 | D:3      | Reached XP level 5. HP: 25/28 MP: 3/13
  3996 | D:4      | Reached skill level 3 in Stealth
  3996 | D:4      | Reached XP level 6. HP: 32/32 MP: 5/14
  4156 | D:4      | Reached skill level 4 in Stealth
  4337 | D:4      | Found a staircase to the Ecumenical Temple.
  4349 | D:4      | Noticed Edmund
  4364 | Temple   | Entered the Ecumenical Temple
  4715 | D:4      | Reached skill level 5 in Stealth
  4844 | D:4      | Reached XP level 7. HP: 36/36 MP: 3/15
  4994 | D:5      | Entered Level 5 of the Dungeon
  5379 | D:5      | Reached skill level 6 in Stealth
  5538 | D:5      | Found a shadowy altar of Dithmenos.
  5720 | D:6      | Noticed Grinder
  5761 | D:5      | Paralysed by Grinder for 2 turns
  6026 | D:6      | Reached skill level 5 in Fire Magic
  6126 | D:6      | Noticed Menkaure
  6153 | D:6      | Found a shimmering altar of Xom.
  6469 | D:6      | Noticed Sigmund
  7452 | D:6      | Reached skill level 7 in Stealth
  8050 | D:7      | Found a radiant altar of Vehumet.
  8159 | D:7      | Became a worshipper of Vehumet
  8209 | D:7      | Reached XP level 8. HP: 41/41 MP: 5/16
  8352 | D:7      | Reached skill level 8 in Stealth
  8458 | D:7      | Reached skill level 1 in Poison Magic
  8668 | D:7      | Found a runed translucent door.
  8669 | D:7      | Noticed Crazy Yiuf
  8710 | D:7      | Killed Crazy Yiuf
  8791 | D:7      | Noticed a two-headed ogre
  9223 | D:7      | Reached skill level 9 in Stealth
  9368 | D:8      | Found a bloodstained altar of Trog.
  9592 | D:8      | Noticed a troll
  9840 | D:8      | Reached * piety under Vehumet
  9840 | D:8      | Offered knowledge of Shock by Vehumet.
  9870 | D:8      | Learned a level 2 spell: Call Imp
  9948 | D:8      | Reached skill level 10 in Stealth
  9948 | D:8      | Reached XP level 9. HP: 25/45 MP: 9/17
  9980 | D:8      | Found a staircase to the Lair.
 10082 | D:8      | Slain by a killer bee

Illustrated notes

Levels and vault maps discovered:
D:1:      eino_arrival_water_star, layout_loops_ring
D:2:      layout_loops_ring, lemuel_crystal_altar,
          nicolae_overflow_hidden_temple, cheibriados_altar_1
D:3:      layout_basic, serial_curves, eino_curves_04, eino_curves_04, uniq_ijyb
D:4:      layout_loops_ring, minmay_temple_entry_mist, hangedman_decor_push,
          uniq_edmund
D:5:      layout_loops_ring, roderic_filled_cross,
          grunt_dithmenos_smoke_and_mirrors
D:6:      layout_loops_cross, basic_altar, uniq_menkaure, uniq_sigmund,
          uniq_grinder
D:7:      layout_rooms, vehumet_altar_wand_db, minmay_strange_pillars,
          uniq_crazy_yiuf_cottage
D:8:      layout_loops_ring, lair_entry_dummy, trog_three_pillars_becter
Temple:   hc_temple_tempest_star

Skill      XL: |  1  2  3  4  5  6  7  8 |
---------------+-------------------------+-----
Conjurations   | 2 3 4 5 |  5.0
Fire Magic     | 2 3 4 6 8 |  8.0
Stealth        | 3 5 7 10 | 10.0
Poison Magic   | 3 |  3.1
Dodging        | |  2.4
Spellcasting   | |  4.4
Summonings     | |  1.1
Translocations | |  1.1

Action                   |  1- 3 |  4- 6 |  7- 9 || total
-------------------------+-------+-------+-------++-------
Melee: Dagger            |       |    10 |    11 ||    21
 Fire: Hunting sling     |       |       |    46 ||    46
Throw: Dart              |       |       |    36 ||    36
 Cast: Magic Dart        |    86 |   155 |   227 ||   468
       Blink             |       |     5 |     6 ||    11
       Mephitic Cloud    |       |     1 |     8 ||     9
       Conjure Flame     |       |     3 |    25 ||    28
       Call Imp          |       |       |     6 ||     6
Evoke: Wand              |       |       |     2 ||     2
  Use: Potion            |       |       |     4 ||     4
       Scroll            |       |       |     1 ||     1
Armor: Robe              |     3 |    22 |    10 ||    35
Dodge: Dodged            |    11 |    74 |    61 ||   146
